 Dungeon Crawl Stone Soup version 0.28.0-62-gf88900778d (webtiles) character file.

Game seed: 3250762674313699776

187 Nonny the Conjurer (level 5, -6/73 HPs)
             Began as a Troll Conjurer on Apr 10, 2023.
             Mangled by an iguana (12 damage)
             ... on level 4 of the Dungeon.
             The game lasted 00:11:55 (2165 turns).

Nonny the Conjurer (Troll Conjurer)                 Turns: 2165, Time: 00:11:56

Health: -6/73      AC:  4    Str: 15    XL:     5   Next: 39%
Magic:  7/7        EV:  9    Int: 16    God:
Gold:   79         SH:  0    Dex:  8    Spells: 5/8 levels left

rFire   . . .      SeeInvis .   g - +0 quarterstaff
rCold   . . .      Faith    .   (shield currently unavailable)
rNeg    . . .      Spirit   .   a - +0 robe
rPois   .          Reflect  .   (helmet restricted)
rElec   .          Harm     .   (no cloak)
rCorr   .          Rampage  .   (gloves unavailable)
Will    .....                   (boots unavailable)
Stlth   ..........              (no amulet)
HPRegen 1.02/turn               (no ring)
MPRegen 0.10/turn               (no ring)

@: berserking (expiring), very quick
A: large, unfitting armour, claws 3, regeneration 1, shaggy fur 1, tough skin 1
a: no special abilities


You were on level 4 of the Dungeon.
You visited 1 branch of the dungeon, and saw 4 of its levels.

You collected 79 gold pieces.

Inventory:

Hand Weapons
 g - a +0 quarterstaff (weapon)
Missiles
 i - 5 curare-tipped darts
Armour
 a - a +0 robe (worn)
Scrolls
 c - 2 scrolls of enchant weapon {unknown}
 d - a scroll of noise {unknown}
 e - a scroll of enchant armour {unknown}
 h - a scroll of identify {unknown}
Potions
 b - 2 potions of mutation {unknown}


   Skills:
 + Level 2.0 Fighting
 + Level 1.1 Staves
 - Level 1.5 Dodging
 - Level 1.0 Stealth
 - Level 1.0 Unarmed Combat
 + Level 2.1 Spellcasting
 + Level 3.6 Conjurations


You had 5 spell levels left.
You knew the following spells:

 Your Spells              Type           Power      Damage    Failure   Level
a - Magic Dart            Conj           52%        1d5       4%          1
b - Searing Ray           Conj           26%        2d5       7%          2

Your spell library contained the following spells:

 Spells                   Type           Power      Damage    Failure   Level
 Dazzling Flash           Conj/Hex       14%        N/A       28%         3
 Fulminant Prism          Conj/Hex       3%         3d6       67%         4
 Iskenderun's Mystic Bla  Conj/Tloc      7%         2d4       67%         4


Dungeon Overview and Level Annotations

Branches:
Dungeon (4/15)
 Temple: D:4-7

Altars:


Innate Abilities, Weirdness & Mutations

You are too large for most types of armour.
You have claws for hands.
Your natural rate of healing is unusually fast.
You are covered in fur. (AC +1)
You have tough skin. (AC +1)


Message History

Unknown command.
You thump the orc!
You kill the orc!
The hound bites you but does no damage.
Unknown command.
You hit the orc but do no damage.
The orc is severely wounded.
The hound bites you but does no damage. The orc closely misses you.
Unknown command.
You hit the orc.
You kill the orc!
The hound bites you.
* * * LOW HITPOINT WARNING * * *
An orc wizard comes into view. It is wielding a +0 dagger.
You closely miss the hound. The hound bites you but does no damage.
The orc wizard gestures at you while chanting.
You resist with some effort.
You sock the hound!
The hound is heavily wounded.
The hound barely misses you. The hound closely misses you.
You barely miss the hound.
The hound is heavily wounded.
An orc comes into view. It is wielding a +0 club.
The hound closely misses you.
You bludgeon the hound!!
You kill the hound!
The orc wizard gestures at you while chanting.
The puff of flame hits you.
* * * LOW HITPOINT WARNING * * *
Your Fighting skill increases to level 2!
Your Staves skill increases to level 1!
You barely miss the iguana.
The iguana bites you but does no damage.
You closely miss the iguana. The iguana bites you.
* * * LOW HITPOINT WARNING * * *
You sock the iguana!
The iguana is severely wounded.
The orc wizard hits you but does no damage.
The iguana bites you!
You die...

#.##..# . #.##..#.# ..
###.##..#.#.#
#...........#
#.........# #.####.####
#.# #o# #.# #o# #.# #@#
#o# #l# #.########.# #o#
#..........# #.#
##########.####.########
#.ol...........
#.####.########
#.[..........#
#.####.#####)#


You could see an iguana, an orc wizard and 2 orcs.

Vanquished Creatures
  A hound (D:4)
  Terence (D:2)
  An orc wizard (D:3)
  6 adders
  A dart slug (D:1)
  5 orcs
  7 ball pythons
  6 bats
  4 endoplasms
  2 giant cockroaches (D:2)
  A goblin (D:3)
  A hobgoblin (D:2)
  2 jackals (D:1)
  2 kobolds
  2 quokkas
  3 frilled lizards
  3 rats
48 creatures vanquished.

Notes
Turn   | Place    | Note
-------+----------+-------------------------------------------
     0 | D:1      | Nonny the Troll Conjurer began the quest for the Orb.
     0 | D:1      | Reached XP level 1. HP: 16/16 MP: 1/1
    22 | D:1      | Reached skill level 3 in Conjurations
   150 | D:1      | Reached XP level 2. HP: 26/26 MP: 3/3
   319 | D:1      | Learned a level 2 spell: Searing Ray
   552 | D:2      | You fall into a shaft and drop 1 floor!
   557 | D:3      | Boots of flying
   843 | D:2      | Reached skill level 1 in Fighting
   843 | D:2      | Reached XP level 3. HP: 29/33 MP: 0/4
   905 | D:2      | Noticed Terence
   920 | D:2      | BERSERK TERENCE!
   921 | D:2      | ENTAAC WOPN - vulnerability
   922 | D:2      | HEBLASTR OKHLE - teleportation
   954 | D:2      | Killed Terence
   957 | D:2      | He had a +4 mace of draining.
  1009 | D:2      | Reached skill level 1 in Unarmed Combat
  1009 | D:2      | Reached XP level 4. HP: 28/39 MP: 0/5
  1044 | D:2      | Found a faded altar of an unknown god.
  1496 | D:2      | D:3 uphatch leads to southern D:2, nearby upstairs and
                  | downstairs
  1643 | D:3      | Reached XP level 5. HP: 49/49 MP: 5/7
  2163 | D:4      | Reached skill level 1 in Staves
  2165 | D:4      | Mangled by an iguana

Illustrated notes ## # #.#### .# ..##..... l. ## ......... . .> ......#.#.### ###.##.#....?. #............. #.##.# #[@..# #......# .....##### ..<.#..# ..##.#..# # # ...# ...## ###.# Turn 557 on D:3: Boots of flying # ..... .# ... ## #.# ... ...## ###..# ### #.# #...###...# .. #.# #..#..# ##.# #.# ##### #....####..# #.# ......# #...##...##.##### #.# ......# #...# ###.....@@.# #.# ......# ..... ####.###..##.####......# .... #.# #.>............# .... #.# #..............# ... #.# #..............# ... ## #.# #..............# . #.# #........##.#### #. #.# #........# # #.###.# #........# Turn 920 on D:2: BERSERK TERENCE! # ..... .# ... ## #.# ... ...## ###..# ### #.# #...###...# .. #.# #..#..# ##.# #.# ##### #....####..# #.# ......# #...##...##.##### #.# ......# #...# ###.....@@.# #.# ......# ..... ####.###..##.####......# .... #.# #.>............# .... #.# #..............# ... #.# #..............# ... ## #.# #..............# . #.# #........##.#### #. #.# #........# # #.###.# #........# Turn 921 on D:2: ENTAAC WOPN - vulnerability # ..... .# ... ## #.# ... ...## ###..# ### #.# #...###...# .. #.# #..#..# ##.# #.# ##### #....####..# #.# ......# #...##...##.##### #.# ......# #...# ###.....@@.# #.# ......# ..... ####.###..##.####......# .... #.# #.>............# .... #.# #..............# ... #.# #..............# ... ## #.# #..............# . #.# #........##.#### #. #.# #........# # #.###.# #........# Turn 922 on D:2: HEBLASTR OKHLE - teleportation

#...###...# .. #.#
#..#..# ##.# #.# ###
#....####..# #.# ....
#...##...##.##### #.#
.... #...#
###........###.# ....
......
####.###..##.####....
..... #.#
##.>.......... .....
#.# #............
.... #@#
#..@......... .... ##
#)# #............ .
#.# #........##.# #.
#.# #........# #
#.###.# #........#
#.....# #........#
###..#####........#
#......>.####.#####
#........####.#


Turn 957 on D:2: He had a +4 mace of draining. #.#.......#..## #........##...
#...###...##..#####........##.## ##### #...###.#.....########..# #...#
#.......#####....## #######.....[.#.....#### ########.......###....#####
##........####......#.## ...##########.....###.## ..## #....@..##..##########
### #.......###.....†..... #.......# ############ ##.....## #.......# #.......#
#...<...# ##...>.## ##...## Turn 1496 on D:2: D:3 uphatch leads to southern D:2,
nearby upstairs and downstairs

Levels and vault maps discovered:
D:1:      scummos_arrival_simple_crosswalls, layout_loops_ring
D:2:      layout_rooms, basic_ecumenical_altar, uniq_terence
D:3:      layout_basic
D:4:      layout_loops_ring, uniq_edmund

Skill      XL: |  1  2  3  4  5 |
---------------+----------------+-----
Conjurations   | 3 |  3.6
Fighting       | 1 2 |  2.0
Unarmed Combat | 1 |  1.0
Spellcasting   | 2 |  2.1
Staves         | 1 |  1.1
Dodging        | |  1.5
Stealth        | |  1.0

Action                   |  1- 3 |  4- 6 || total
-------------------------+-------+-------++-------
Melee: Unarmed           |    38 |       ||    38
       Punch             |     1 |       ||     1
       Quarterstaff      |    13 |    79 ||    92
 Cast: Magic Dart        |     7 |    13 ||    20
       Searing Ray       |     4 |     4 ||     8
  Use: Scroll            |     2 |       ||     2
       Potion            |       |     1 ||     1
 Stab: Sleeping          |       |     1 ||     1
Armor: Robe              |    28 |    46 ||    74
Dodge: Dodged            |    25 |    66 ||    91
